AoeStats
← jphilkill

Highland

506796463Analyzed
4v4 RM · 18d ago on Sep 15, 2026· 37m 51s· 8 players
Game mode
Random Map
Map size
Large (8 player)
Population
200
Speed
Normal
Resources
Standard
Victory
Conquest
Starting age
Dark Age
Ending age
Imperial Age
RankedLock teamsTeams togetherTeam positionsShared explorationLock speedFull tech treeHidden civsTurbo modeCheats
Victory
Defeat
🇮🇹 Huns · Italy
1025
+15
🇦🇺 Romans · Australia
1003
+16
🇲🇽 Bulgarians · Mexico
1003
+16
🇨🇿 Lithuanians · Czechia
977
+17
🇺🇸 Bohemians · United States
1040
-18
🇪🇨 Italians · Ecuador
1020
-17
🇩🇪 Huns · Germany
980
-15
🇮🇳 Vietnamese · India
963
-14
NeessQuiick
6:21 Loom
8:34 Loom
11:57 Feudal Age
17:24 Castle Age
18:12 Stone Mining
19:25 Double-Bit Axe
20:05 Fletching
26:34 Forging
31:19 Wheelbarrow
36:40 Stirrups
DESTINNI
9:34 Feudal Age
10:37 Double-Bit Axe
10:33 Horse Collar
14:52 Loom
15:47 Forging
16:59 Scale Barding Armor
17:08 Bloodlines
21:25 Castle Age
24:50 Bow Saw
24:41 Heavy Plow
24:33 Gold Mining
25:43 Husbandry
26:43 Town Watch
35:30 Imperial Age
33:37 Wheelbarrow
33:27 Fervor
33:13 Stone Mining
32:45 Light Cavalry
35:30 Hand Cart
36:31 Medium Warships
36:02 Cavalier
37:03 Chain Barding Armor
37:58 Chemistry
37:38 Iron Casting
36:56 Winged Hussar
38:45 Two-Man Saw
38:49 Plate Barding Armor
_phlebas_
7:58 Loom
10:12 Feudal Age
15:51 Scale Barding Armor
17:19 Forging
17:57 Bloodlines
24:29 Castle Age
22:27 Double-Bit Axe
23:17 Fletching
23:27 Padded Archer Armor
24:42 Light Cavalry
25:23 Husbandry
25:26 Gold Mining
25:47 Bow Saw
27:36 Chain Barding Armor
27:12 Bodkin Arrow
27:56 Elite Skirmisher
31:59 Leather Archer Armor
32:20 Iron Casting
34:26 Ballistics
34:17 Masonry
34:01 Horse Collar
37:20 Thumb Ring
BrazilianBad
2:08 Loom
12:41 Feudal Age
19:11 Castle Age
19:22 Double-Bit Axe
20:48 Fletching
23:29 Horse Collar
23:54 Town Watch
24:57 Wheelbarrow
24:29 Gold Mining
25:50 Bow Saw
26:09 Stone Mining
28:17 Pikeman
28:57 Squires
29:10 Forging
31:23 Hand Cart
35:15 Imperial Age
34:45 Scale Mail Armor
36:21 Conscription
36:02 Capped Ram
36:52 Heavy Plow
38:22 Iron Casting
37:53 Scale Barding Armor
Lordcreos
10:40 Feudal Age
8:56 Loom
11:56 Double-Bit Axe
15:05 Wheelbarrow
14:35 Fishing Lines
20:28 Castle Age
22:51 Bow Saw
26:17 Hand Cart
26:16 Bow Saw
26:40 Gillnets
n2844522
4:35 Loom
13:31 Feudal Age
15:17 Man-at-Arms
17:03 Scale Mail Armor
26:21 Castle Age
24:28 Horse Collar
24:58 Arson
25:37 Forging
25:26 Double-Bit Axe
26:58 Long Swordsman
27:57 Chain Mail Armor
30:45 Iron Casting
jphilkill
1:28 Loom
12:28 Feudal Age
17:20 Castle Age
15:43 Double-Bit Axe
17:22 Gold Mining
17:24 Stone Mining
17:17 Horse Collar
23:39 Wheelbarrow
27:32 Hand Cart
31:24 Bow Saw
33:43 Heavy Plow
NaBhai
7:16 Loom
9:38 Feudal Age
10:51 Double-Bit Axe
13:13 Fletching
18:50 Padded Archer Armor
25:37 Castle Age
24:09 Gold Mining
24:08 Horse Collar
25:27 Stone Mining
26:03 Crossbowman
26:42 Bodkin Arrow
27:26 Bow Saw
29:31 Wheelbarrow
30:08 Town Watch
34:07 Heavy Plow
34:25 Hand Cart
34:53 Ballistics
39:38 Imperial Age
37:48 Squires
Connection lost

Rejoining the realm…

Still unreachable

The connection could not be restored.

Session expired

The server has moved on; the page needs a fresh start.